Punishers vs Monarchs
Created - December 6, 2019 at 19:00
Goals
|
Punishers |
0 |
1 |
2 |
3 |
Monarchs |
0 |
0 |
1 |
1 |
|
Shots
|
Punishers |
7 |
12 |
19 |
38 |
Monarchs |
8 |
6 |
6 |
20 |
|
1st period
No Goal
Penalties :
Brian McGrattan (MAN) for Holding (Minor) at 6:59, Austen Brassard (Pro) for Holding Stick (Minor) at 9:12, Radek Faksa (Pro) for Tripping (Minor) at 13:03, Luke Witkowski (MAN) for Holding (Minor) at 18:29
2nd period
1. Punishers , John Macfarland 5 (Slava Voynov 13, Adam Pelech 5) at 7:22
Penalties :
Brayden Point (MAN) for Interference (Minor) at 4:26, Tom Wilson (MAN) for Hooking (Minor) at 9:40, Victor Olofsson (MAN) for High sticking (Double Minor) at 16:25
3rd period
2. Punishers , Miikka Salomaki 16 (Andreas Athanasiou 7, Garret Ross 5) at 8:05
3. Monarchs , Kerby Rychel 1 (Zach Trotman 3) at 13:54
4. Punishers , Miikka Salomaki 17 (Andreas Athanasiou 8, Garret Ross 6) at 19:30 (Empty Net)
Penalties :
Brayden Point (MAN) for Hooking (Minor) at 2:15, Brayden Point (MAN) for Holding (Minor) at 8:24
Goalie Stats
Louis Domingue (Pro), 19 saves from 20 shots - (0.950), W, 10-4-2, 60:00 minutes
Alex Nedeljkovic (MAN), 35 saves from 37 shots - (0.946), L, 3-5-4, 59:27 minutes
Players Stats for Punishers
Player Name G A P +/- PIM S H SB GA TA FO MP PP MP PK MP
------------------------------------------------------------------------------------
Adam Pelech 0 1 1 1 0 6 1 0 0 0 0/0 25:27 10:01 2:18
Alex Schoenborn 0 0 0 0 0 0 0 0 0 0 0/0 0:47 0:10 0:00
Andreas Athanasiou 0 2 2 1 0 1 2 0 2 1 13/31 22:58 9:03 2:07
Austen Brassard 0 0 0 0 2 0 0 2 0 0 1/1 10:45 0:00 0:00
Ben Betker 0 0 0 0 0 1 0 2 0 0 0/0 12:01 0:00 0:00
Carter Ashton 0 0 0 0 0 1 2 0 0 0 0/0 17:54 6:40 1:10
Daniel Audette 0 0 0 1 0 0 1 0 0 0 1/3 7:26 0:00 0:00
Dylan DeMelo 0 0 0 0 0 0 0 1 0 1 0/0 12:01 0:00 0:00
Garret Ross 0 2 2 1 0 2 1 0 1 0 0/1 21:38 9:03 1:10
John Macfarland 1 0 1 1 0 2 0 0 1 0 0/0 8:06 0:00 0:40
John Quenneville 0 0 0 0 0 0 0 1 0 0 2/4 11:25 0:00 0:41
Jordan Schmaltz 0 0 0 1 0 5 0 1 1 0 0/0 22:32 5:52 1:40
Madison Bowey 0 0 0 1 0 2 1 2 0 0 0/0 22:00 5:52 1:40
Michael Joly 0 0 0 1 0 0 0 0 0 0 0/0 7:43 0:10 0:00
Miikka Salomaki 2 0 2 1 0 7 4 0 1 0 1/5 23:09 9:03 2:08
Nikita Gusev 0 0 0 0 0 2 0 0 0 1 0/0 10:40 0:10 0:00
Radek Faksa 0 0 0 0 2 2 0 0 0 0 1/7 17:17 6:40 0:00
Slava Voynov 0 1 1 1 0 4 0 2 1 1 0/0 25:27 10:01 2:18
Tyler Bertuzzi 0 0 0 0 0 3 1 0 0 0 0/0 16:44 6:40 0:00
Players Stats for Monarchs
Player Name G A P +/- PIM S H SB GA TA FO MP PP MP PK MP
------------------------------------------------------------------------------------
Brandon Montour 0 0 0 0 0 1 2 0 0 0 0/0 21:35 1:31 9:40
Brandon Saad 0 0 0 0 0 0 1 1 0 0 2/2 17:34 0:00 6:34
Brayden Point 0 0 0 -1 6 1 2 0 0 0 10/13 14:36 1:44 0:00
Brendan Lemieux 0 0 0 -2 0 3 2 0 0 0 1/3 13:35 1:44 2:42
Brian McGrattan 0 0 0 1 2 2 2 2 0 0 8/15 15:42 0:00 8:09
Dalton Prout 0 0 0 -1 0 0 0 4 0 3 0/0 20:52 0:00 6:13
Damon Severson 0 0 0 -1 0 0 2 0 2 0 0/0 15:12 2:27 0:00
Elias Lindholm 0 0 0 -2 0 2 1 0 0 0 1/3 9:37 0:00 0:25
Eric Gustafsson 0 0 0 -1 0 0 0 0 0 2 0/0 12:10 2:27 0:00
Gustav Forsling 0 0 0 0 0 0 0 0 0 0 0/0 5:23 0:00 0:00
Jacob De La Rose 0 0 0 1 0 0 1 2 1 1 1/2 13:26 0:00 5:53
Kerby Rychel 1 0 1 1 0 2 1 0 0 0 0/0 7:20 0:00 0:14
Luke Witkowski 0 0 0 0 2 2 2 0 0 0 0/0 19:19 0:00 7:49
Max Domi 0 0 0 -1 0 1 2 0 0 0 0/0 14:13 2:14 0:00
Nathan MacKinnon 0 0 0 -1 0 4 1 1 0 0 10/14 14:05 2:14 0:00
Nikita Zadorov 0 0 0 -1 0 0 0 4 0 0 0/0 19:54 0:00 9:40
Scott Mayfield 0 0 0 0 0 0 0 0 0 0 0/0 5:23 0:00 0:00
Tom Wilson 0 0 0 0 2 0 1 0 1 0 0/0 13:41 2:14 0:00
Victor Olofsson 0 0 0 -2 4 2 1 0 0 0 0/0 10:52 1:44 0:00
Zach Trotman 0 1 1 0 0 0 0 1 0 1 0/0 19:31 1:31 6:13
3 Stars
1 - Miikka Salomaki (Pro)
2 - Andreas Athanasiou (Pro)
3 - Garret Ross (Pro)
Power Play
Punishers - 0 on 8 Attempt(s) - 0.00%
Monarchs - 0 on 2 Attempt(s) - 0.00%
Penalty Kill
Punishers - 2 on 2 Attempt(s) - 100.00%
- Score 0 goal in Penalty Kill
Monarchs - 8 on 8 Attempt(s) - 100.00%
- Score 0 goal in Penalty Kill
Team Stat
Punishers - Hits : 13 - Faceoff Wins : 19 - Blocked Shots : 11 - Penalty Minutes : 4
Monarchs - Hits : 21 - Faceoff Wins : 33 - Blocked Shots : 15 - Penalty Minutes : 16
Official
Referees : Unknown
Linesman : Unknown
Game Notes
Miikka Salomaki has scored in a empty net!
Finance
Level 1 -- Attendance: 1372 (68.60%) -- Ticket Income $54,880
Level 2 -- Attendance: 794 (79.40%) -- Ticket Income $15,880
Total Attendance: 2166 (72.20%)
Total Ticket Income: $70,760
Other Income: $3,538
Total Income: $74,298
Punishers
5 vs 5 Forward
Center Left Wing Right Wing Time % Phy DF OF
1 Andreas Athanasiou Garret Ross Miikka Salomaki 40 1 2 2
2 Radek Faksa Tyler Bertuzzi Carter Ashton 30 1 2 2
3 John Quenneville Nikita Gusev Austen Brassard 20 1 2 2
4 Daniel Audette John Macfarland Michael Joly 10 1 2 2
5 vs 5 Defense
Defense Defense Time % Phy DF OF
1 Slava Voynov Adam Pelech 40 1 2 2
2 Jordan Schmaltz Madison Bowey 30 1 2 2
3 Dylan DeMelo Ben Betker 20 1 2 2
4 Slava Voynov Adam Pelech 10 1 2 2
PowerPlay Forward
Center Left Wing Right Wing Time % Phy DF OF
1 Andreas Athanasiou Garret Ross Miikka Salomaki 60 1 2 2
2 Radek Faksa Tyler Bertuzzi Carter Ashton 40 1 2 2
PowerPlay Defense
Defense Defense Time % Phy DF OF
1 Slava Voynov Adam Pelech 60 1 2 2
2 Jordan Schmaltz Madison Bowey 40 1 2 2
Penalty Kill 4 Players Forward
Center Wing Time % Phy DF OF
1 Miikka Salomaki Andreas Athanasiou 60 1 2 2
2 Garret Ross Carter Ashton 40 1 2 2
Penalty Kill 4 Players Defense
Defense Defense Time % Phy DF OF
1 Slava Voynov Adam Pelech 60 1 2 2
2 Jordan Schmaltz Madison Bowey 40 1 2 2
Penalty Kill - 3 Players Forward
Forward Time % Phy DF OF
1 Miikka Salomaki 60 1 2 2
2 Andreas Athanasiou 40 1 2 2
Penalty Kill - 3 Players Defense
Defense Defense Time % Phy DF OF
1 Slava Voynov Adam Pelech 60 1 2 2
2 Jordan Schmaltz Madison Bowey 40 1 2 2
4 vs 4 Forward
Center Wing Time % Phy DF OF
1 Miikka Salomaki Andreas Athanasiou 60 1 2 2
2 Garret Ross Carter Ashton 40 1 2 2
4 vs 4 Defense
Defense Defense Time % Phy DF OF
1 Slava Voynov Adam Pelech 60 1 2 2
2 Jordan Schmaltz Madison Bowey 40 1 2 2
Last Minutes Offensive
Center Left Wing Right Wing Defense Defense
Andreas Athanasiou Garret Ross Miikka Salomaki Slava Voynov Adam Pelech
Last Minutes Defensive
Center Left Wing Right Wing Defense Defense
Andreas Athanasiou Garret Ross Miikka Salomaki Slava Voynov Adam Pelech
Goaltenders
Starting : Louis Domingue
Backup : Daniel Altshuller
Extra Forwards
Normal : Alex Schoenborn, Nikita Gusev, John Quenneville - PP : Alex Schoenborn, Nikita Gusev - PK : John Quenneville
Extra Defensemen
Normal : Dylan DeMelo, Ben Betker, Jordan Schmaltz - PP : Dylan DeMelo - PK : Ben Betker, Jordan Schmaltz
Penalty Shots
Miikka Salomaki, Andreas Athanasiou, Garret Ross, Carter Ashton, Radek Faksa
Scratches
Robbie Earl (Sprained Left Ankle Injury), Zack Hamill (Healthy)
Monarchs
5 vs 5 Forward
Center Left Wing Right Wing Time % Phy DF OF
1 Nathan MacKinnon Brandon Saad Tom Wilson 35 1 2 2
2 Brayden Point Max Domi Luke Witkowski 35 1 2 2
3 Elias Lindholm Brendan Lemieux Victor Olofsson 20 1 2 2
4 Jacob De La Rose Kerby Rychel Brian McGrattan 10 1 2 2
5 vs 5 Defense
Defense Defense Time % Phy DF OF
1 Dalton Prout Damon Severson 40 1 3 1
2 Zach Trotman Brandon Montour 30 1 3 1
3 Eric Gustafsson Nikita Zadorov 20 1 3 1
4 Scott Mayfield Gustav Forsling 10 1 3 1
PowerPlay Forward
Center Left Wing Right Wing Time % Phy DF OF
1 Nathan MacKinnon Max Domi Tom Wilson 55 1 1 3
2 Brayden Point Brendan Lemieux Victor Olofsson 45 1 1 3
PowerPlay Defense
Defense Defense Time % Phy DF OF
1 Damon Severson Eric Gustafsson 60 0 3 2
2 Brandon Montour Zach Trotman 40 0 3 2
Penalty Kill 4 Players Forward
Center Wing Time % Phy DF OF
1 Brian McGrattan Luke Witkowski 60 1 3 1
2 Brandon Saad Jacob De La Rose 40 1 3 1
Penalty Kill 4 Players Defense
Defense Defense Time % Phy DF OF
1 Nikita Zadorov Brandon Montour 60 1 4 0
2 Zach Trotman Dalton Prout 40 1 4 0
Penalty Kill - 3 Players Forward
Forward Time % Phy DF OF
1 Brian McGrattan 60 1 2 2
2 Brandon Saad 40 1 2 2
Penalty Kill - 3 Players Defense
Defense Defense Time % Phy DF OF
1 Brandon Montour Nikita Zadorov 60 1 4 0
2 Zach Trotman Dalton Prout 40 1 4 0
4 vs 4 Forward
Center Wing Time % Phy DF OF
1 Nathan MacKinnon Brayden Point 60 1 2 2
2 Max Domi Tom Wilson 40 1 2 2
4 vs 4 Defense
Defense Defense Time % Phy DF OF
1 Dalton Prout Zach Trotman 60 1 2 2
2 Brandon Montour Damon Severson 40 1 2 2
Last Minutes Offensive
Center Left Wing Right Wing Defense Defense
Nathan MacKinnon Max Domi Brayden Point Eric Gustafsson Damon Severson
Last Minutes Defensive
Center Left Wing Right Wing Defense Defense
Brian McGrattan Brandon Saad Luke Witkowski Nikita Zadorov Brandon Montour
Goaltenders
Starting : Alex Nedeljkovic
Backup : Jason Missiaen
Extra Forwards
Normal : Nathan MacKinnon, Brayden Point, Elias Lindholm - PP : Brandon Saad, Elias Lindholm - PK : Brendan Lemieux
Extra Defensemen
Normal : Nikita Zadorov, Brandon Montour, Eric Gustafsson - PP : Nikita Zadorov - PK : Eric Gustafsson, Scott Mayfield
Penalty Shots
Damon Severson, Brayden Point, Elias Lindholm, Brian McGrattan, Brandon Saad
Scratches
Colton Sissons (Healthy), Mike Hoffman (Healthy), Nicolas Deslauriers (Healthy), Brett Connolly (Healthy), Keith Yandle (Healthy)
Joe Labate (Healthy), Joel Vermin (Healthy), Jeff Petry (Healthy), Andrew O'Brien (Healthy), Anthony Peluso (Healthy)
% Time on Ice - Punishers
Lines # - Real PCT - Wanted PCT - Time Play
Normal Forward
1 - 29% - 40% - 11:30
2 - 26% - 30% - 10:04
3 - 26% - 20% - 10:23
4 - 19% - 10% - 7:26
Normal Defense
1 - 31% - 40% - 12:05
2 - 38% - 30% - 15:00
3 - 29% - 20% - 11:15
4 - 3% - 10% - 1:03
PP Forward
1 - 58% - 60% - 9:13
2 - 42% - 40% - 6:40
PP Defense
1 - 63% - 60% - 10:01
2 - 37% - 40% - 5:52
PK Forward
1 - 71% - 60% - 2:48
2 - 29% - 40% - 1:10
PK Defense
1 - 58% - 60% - 2:18
2 - 42% - 40% - 1:40
PK3 Forward
1 - 0% - 60%
2 - 0% - 40%
PK3 Defense
1 - 0% - 60%
2 - 0% - 40%
44 Forward
1 - 0% - 60%
2 - 0% - 40%
44 Defense
1 - 0% - 60%
2 - 0% - 40%
Last Minute Offensive - 0:00
Last Minute Defensive - 0:46
Total
Forward - 60:00
Defense - 60:00
|
% Time on Ice - Monarchs
Lines # - Real PCT - Wanted PCT - Time Play
Normal Forward
1 - 29% - 35% - 11:37
2 - 30% - 35% - 11:45
3 - 23% - 20% - 8:58
4 - 18% - 10% - 7:04
Normal Defense
1 - 34% - 40% - 13:33
2 - 30% - 30% - 11:47
3 - 22% - 20% - 8:41
4 - 14% - 10% - 5:23
PP Forward
1 - 56% - 55% - 2:14
2 - 44% - 45% - 1:44
PP Defense
1 - 62% - 60% - 2:27
2 - 38% - 40% - 1:31
PK Forward
1 - 70% - 60% - 11:03
2 - 30% - 40% - 4:50
PK Defense
1 - 61% - 60% - 9:40
2 - 39% - 40% - 6:13
PK3 Forward
1 - 0% - 60%
2 - 0% - 40%
PK3 Defense
1 - 0% - 60%
2 - 0% - 40%
44 Forward
1 - 0% - 60%
2 - 0% - 40%
44 Defense
1 - 0% - 60%
2 - 0% - 40%
Last Minute Offensive - 0:45
Last Minute Defensive - 0:00
Total
Forward - 60:00
Defense - 60:00
|
Play-by-Play
1st period
0:01 of 1st period - Nathan MacKinnon wins face-off versus Andreas Athanasiou in neutral zone.
0:14 of 1st period - Slapshot by Garret Ross.
0:14 of 1st period - Shot Blocked by Dalton Prout.
0:52 of 1st period - Slava Voynov is hit by Brian McGrattan and loses puck.
1:05 of 1st period - Snap shot by Brian McGrattan.
1:05 of 1st period - Shot Misses the Net.
1:17 of 1st period - Slapshot by Adam Pelech.
1:17 of 1st period - Stopped by Alex Nedeljkovic without a rebound.
1:18 of 1st period - John Quenneville wins face-off versus Brendan Lemieux in Monarchs zone.
1:37 of 1st period - Slapshot by Brendan Lemieux.
1:37 of 1st period - Stopped by Louis Domingue with a rebound.
1:49 of 1st period - Snap shot by Brendan Lemieux.
1:49 of 1st period - Shot Blocked by John Quenneville.
1:59 of 1st period - Slapshot by Victor Olofsson.
1:59 of 1st period - Stopped by Louis Domingue with a rebound.
2:01 of 1st period - Slapshot by Dalton Prout.
2:01 of 1st period - Deflect By Victor Olofsson.
2:01 of 1st period - Shot Misses the Net.
2:01 of 1st period - Puck is out of play.
2:02 of 1st period - Brayden Point wins face-off versus Andreas Athanasiou in Punishers zone.
2:24 of 1st period - Garret Ross is hit by Max Domi and loses puck.
3:55 of 1st period - Icing by Brandon Saad.
3:56 of 1st period - Nathan MacKinnon wins face-off versus Daniel Audette in Monarchs zone.
4:09 of 1st period - Slapshot by Nathan MacKinnon.
4:09 of 1st period - Deflect By Madison Bowey.
4:09 of 1st period - Stopped by Louis Domingue with a rebound.
4:11 of 1st period - Snap shot by Brandon Saad.
4:11 of 1st period - Shot Misses the Net.
4:54 of 1st period - Snap shot by Brian McGrattan.
4:54 of 1st period - Deflect By Kerby Rychel.
4:54 of 1st period - Shot Hit the Post.
4:54 of 1st period - Puck is out of play.
4:55 of 1st period - Andreas Athanasiou wins face-off versus Nathan MacKinnon in Punishers zone.
5:31 of 1st period - Slava Voynov is hit by Luke Witkowski and loses puck.
6:13 of 1st period - Slapshot by Brandon Montour.
6:13 of 1st period - Shot Misses the Net.
6:25 of 1st period - Jacob De La Rose is hit by Garret Ross and loses puck.
6:34 of 1st period - Snap shot by Andreas Athanasiou.
6:34 of 1st period - Deflect By Miikka Salomaki.
6:34 of 1st period - Stopped by Alex Nedeljkovic with a rebound.
6:38 of 1st period - Wrist shot by Miikka Salomaki.
6:38 of 1st period - Stopped by Alex Nedeljkovic with a rebound.
6:59 of 1st period - Minor Penalty to Brian McGrattan for Holding.
7:00 of 1st period - Brendan Lemieux wins face-off versus Andreas Athanasiou in Monarchs zone.
7:16 of 1st period - Garret Ross is hit by Luke Witkowski and loses puck.
8:05 of 1st period - Jacob De La Rose is hit by Tyler Bertuzzi and loses puck.
8:59 of 1st period - Penalty to Brian McGrattan is over, Brian McGrattan is back on ice.
9:12 of 1st period - Minor Penalty to Austen Brassard for Holding Stick.
9:13 of 1st period - Nathan MacKinnon wins face-off versus Miikka Salomaki in Punishers zone.
9:46 of 1st period - Eric Gustafsson is hit by Miikka Salomaki and loses puck.
11:02 of 1st period - Icing by Brayden Point.
11:03 of 1st period - Nathan MacKinnon wins face-off versus Garret Ross in Monarchs zone.
11:12 of 1st period - Penalty to Austen Brassard is over, Austen Brassard is back on ice.
11:27 of 1st period - Ben Betker is hit by Kerby Rychel and loses puck.
12:27 of 1st period - Slapshot by Slava Voynov.
12:27 of 1st period - Shot Blocked by Dalton Prout.
12:29 of 1st period - Slapshot by Jordan Schmaltz.
12:29 of 1st period - Stopped by Alex Nedeljkovic without a rebound.
12:30 of 1st period - Nathan MacKinnon wins face-off versus Radek Faksa in Monarchs zone.
12:30 of 1st period - Nathan MacKinnon is hit by Carter Ashton.
12:57 of 1st period - Snap shot by Max Domi.
12:57 of 1st period - Shot Blocked by Madison Bowey.
13:03 of 1st period - Minor Penalty to Radek Faksa for Tripping.
13:04 of 1st period - Miikka Salomaki wins face-off versus Nathan MacKinnon in Punishers zone.
13:12 of 1st period - Off-side.
13:13 of 1st period - Nathan MacKinnon wins face-off versus Miikka Salomaki in neutral zone.
13:18 of 1st period - Slapshot by Max Domi.
13:18 of 1st period - Shot Misses the Net.
13:32 of 1st period - Snap shot by Nathan MacKinnon.
13:32 of 1st period - Stopped by Louis Domingue without a rebound.
13:33 of 1st period - Brayden Point wins face-off versus Miikka Salomaki in Punishers zone.
14:00 of 1st period - Wrist shot by Nathan MacKinnon.
14:00 of 1st period - Stopped by Louis Domingue with a rebound.
14:02 of 1st period - Snap shot by Nathan MacKinnon.
14:02 of 1st period - Shot Misses the Net.
14:34 of 1st period - Carter Ashton is hit by Damon Severson and loses puck.
15:03 of 1st period - Penalty to Radek Faksa is over, Radek Faksa is back on ice.
15:11 of 1st period - Zach Trotman is hit by Miikka Salomaki and loses puck.
15:18 of 1st period - Adam Pelech is hit by Brian McGrattan and loses puck.
16:07 of 1st period - John Quenneville is hit by Elias Lindholm and loses puck.
16:27 of 1st period - Off-side.
16:28 of 1st period - Jacob De La Rose wins face-off versus Daniel Audette in neutral zone.
16:31 of 1st period - Snap shot by Kerby Rychel.
16:31 of 1st period - Deflect By Brian McGrattan.
16:31 of 1st period - Stopped by Louis Domingue with a rebound.
16:41 of 1st period - Slapshot by Jordan Schmaltz.
16:41 of 1st period - Stopped by Alex Nedeljkovic with a rebound.
16:43 of 1st period - Snap shot by Jordan Schmaltz.
16:43 of 1st period - Shot Blocked by Jacob De La Rose.
17:38 of 1st period - Backhand shot by Zach Trotman.
17:38 of 1st period - Shot Blocked by Ben Betker.
17:40 of 1st period - Slapshot by Brandon Montour.
17:40 of 1st period - Shot Blocked by Dylan DeMelo.
17:42 of 1st period - Slapshot by Brandon Montour.
17:42 of 1st period - Deflect By John Quenneville.
17:42 of 1st period - Stopped by Louis Domingue with a rebound.
17:44 of 1st period - Snap shot by Brendan Lemieux.
17:44 of 1st period - Stopped by Louis Domingue with a rebound.
18:27 of 1st period - Wrist shot by Tyler Bertuzzi.
18:27 of 1st period - Shot Misses the Net.
18:29 of 1st period - Minor Penalty to Luke Witkowski for Holding.
18:30 of 1st period - Brian McGrattan wins face-off versus Andreas Athanasiou in Monarchs zone.
18:59 of 1st period - Snap shot by Radek Faksa.
18:59 of 1st period - Stopped by Alex Nedeljkovic with a rebound.
19:01 of 1st period - Slapshot by Madison Bowey.
19:01 of 1st period - Stopped by Alex Nedeljkovic without a rebound.
19:02 of 1st period - Brian McGrattan wins face-off versus Radek Faksa in Monarchs zone.
19:27 of 1st period - Backhand shot by Brandon Saad.
19:27 of 1st period - Shot Misses the Net.
Goals for this period are 0 for Punishers vs 0 for Monarchs .
Shots for this period are 7 for Punishers vs 8 for Monarchs .
2nd period
0:01 of 2nd period - Andreas Athanasiou wins face-off versus Brian McGrattan in neutral zone.
0:20 of 2nd period - Andreas Athanasiou is hit by Brendan Lemieux.
0:29 of 2nd period - Penalty to Luke Witkowski is over, Luke Witkowski is back on ice.
1:18 of 2nd period - Wrist shot by Kerby Rychel.
1:18 of 2nd period - Stopped by Louis Domingue with a rebound.
1:20 of 2nd period - Backhand shot by Nikita Zadorov.
1:20 of 2nd period - Deflect By Brian McGrattan.
1:20 of 2nd period - Stopped by Louis Domingue with a rebound.
1:22 of 2nd period - Snap shot by Brian McGrattan.
1:22 of 2nd period - Deflect By Jordan Schmaltz.
1:22 of 2nd period - Shot Misses the Net.
1:22 of 2nd period - Puck is out of play.
1:23 of 2nd period - Brayden Point wins face-off versus Andreas Athanasiou in Punishers zone.
1:24 of 2nd period - Snap shot by Luke Witkowski.
1:24 of 2nd period - Stopped by Louis Domingue without a rebound.
1:25 of 2nd period - Brayden Point wins face-off versus Andreas Athanasiou in Punishers zone.
1:37 of 2nd period - Off-side.
1:38 of 2nd period - Nathan MacKinnon wins face-off versus Andreas Athanasiou in neutral zone.
2:03 of 2nd period - Adam Pelech is hit by Damon Severson.
2:25 of 2nd period - Wrist shot by Luke Witkowski.
2:25 of 2nd period - Stopped by Louis Domingue without a rebound.
2:26 of 2nd period - Elias Lindholm wins face-off versus John Quenneville in Punishers zone.
2:27 of 2nd period - Wrist shot by Brendan Lemieux.
2:27 of 2nd period - Shot Misses the Net.
2:29 of 2nd period - Backhand shot by Damon Severson.
2:29 of 2nd period - Shot Blocked by Jordan Schmaltz.
2:31 of 2nd period - Snap shot by Brendan Lemieux.
2:31 of 2nd period - Stopped by Louis Domingue with a rebound.
2:58 of 2nd period - Slapshot by Adam Pelech.
2:58 of 2nd period - Stopped by Alex Nedeljkovic without a rebound.
2:59 of 2nd period - Brayden Point wins face-off versus Andreas Athanasiou in Monarchs zone.
3:49 of 2nd period - Victor Olofsson is hit by Madison Bowey and loses puck.
4:26 of 2nd period - Minor Penalty to Brayden Point for Interference.
4:27 of 2nd period - Brian McGrattan wins face-off versus Andreas Athanasiou in Monarchs zone.
5:11 of 2nd period - Icing by Slava Voynov.
5:12 of 2nd period - Brian McGrattan wins face-off versus Radek Faksa in Punishers zone.
5:19 of 2nd period - Wrist shot by Carter Ashton.
5:19 of 2nd period - Shot Misses the Net.
5:21 of 2nd period - Slapshot by Slava Voynov.
5:21 of 2nd period - Shot Blocked by Dalton Prout.
5:23 of 2nd period - Wrist shot by Radek Faksa.
5:23 of 2nd period - Stopped by Alex Nedeljkovic with a rebound.
5:33 of 2nd period - Wrist shot by Slava Voynov.
5:33 of 2nd period - Deflect By Carter Ashton.
5:33 of 2nd period - Shot Misses the Net.
5:33 of 2nd period - Puck is out of play.
5:34 of 2nd period - Brandon Saad wins face-off versus Andreas Athanasiou in Monarchs zone.
5:34 of 2nd period - Brandon Saad is hit by Miikka Salomaki.
5:46 of 2nd period - Wrist shot by Garret Ross.
5:46 of 2nd period - Shot Misses the Net.
5:48 of 2nd period - Slapshot by Jordan Schmaltz.
5:48 of 2nd period - Shot Blocked by Nikita Zadorov.
5:50 of 2nd period - Snap shot by Garret Ross.
5:50 of 2nd period - Shot Misses the Net.
6:00 of 2nd period - Jordan Schmaltz is hit by Brandon Montour and loses puck.
6:13 of 2nd period - Icing by Jordan Schmaltz.
6:14 of 2nd period - Brian McGrattan wins face-off versus Radek Faksa in Punishers zone.
6:23 of 2nd period - Wrist shot by Radek Faksa.
6:23 of 2nd period - Shot Blocked by Dalton Prout.
6:25 of 2nd period - Slapshot by Tyler Bertuzzi.
6:25 of 2nd period - Shot Blocked by Brian McGrattan.
6:26 of 2nd period - Penalty to Brayden Point is over, Brayden Point is back on ice.
6:27 of 2nd period - Snap shot by Madison Bowey.
6:27 of 2nd period - Stopped by Alex Nedeljkovic with a rebound.
6:29 of 2nd period - Snap shot by Jordan Schmaltz.
6:29 of 2nd period - Shot Blocked by Zach Trotman.
6:31 of 2nd period - Slapshot by Carter Ashton.
6:31 of 2nd period - Stopped by Alex Nedeljkovic without a rebound.
6:32 of 2nd period - Andreas Athanasiou wins face-off versus Nathan MacKinnon in Monarchs zone.
6:33 of 2nd period - Wrist shot by Miikka Salomaki.
6:33 of 2nd period - Stopped by Alex Nedeljkovic with a rebound.
6:57 of 2nd period - Adam Pelech is hit by Brayden Point and loses puck.
7:22 of 2nd period - Snap shot by John Macfarland.
7:22 of 2nd period - Goal by John Macfarland - Punishers : 1 - Monarchs : 0.
7:23 of 2nd period - Nathan MacKinnon wins face-off versus Andreas Athanasiou in neutral zone.
8:02 of 2nd period - Backhand shot by Slava Voynov.
8:02 of 2nd period - Deflect By Dalton Prout.
8:02 of 2nd period - Stopped by Alex Nedeljkovic without a rebound.
8:03 of 2nd period - Andreas Athanasiou wins face-off versus Brayden Point in Monarchs zone.
8:28 of 2nd period - Zach Trotman is hit by Carter Ashton and loses puck.
8:51 of 2nd period - Wrist shot by Brian McGrattan.
8:51 of 2nd period - Shot Blocked by Austen Brassard.
9:15 of 2nd period - Slapshot by Jordan Schmaltz.
9:15 of 2nd period - Deflect By Eric Gustafsson.
9:15 of 2nd period - Stopped by Alex Nedeljkovic with a rebound.
9:17 of 2nd period - Slapshot by Jordan Schmaltz.
9:17 of 2nd period - Deflect By John Macfarland.
9:17 of 2nd period - Shot Misses the Net.
9:17 of 2nd period - Puck is out of play.
9:18 of 2nd period - Nathan MacKinnon wins face-off versus Andreas Athanasiou in Monarchs zone.
9:25 of 2nd period - Dalton Prout is hit by Miikka Salomaki and loses puck.
9:40 of 2nd period - Minor Penalty to Tom Wilson for Hooking.
9:41 of 2nd period - Andreas Athanasiou wins face-off versus Brian McGrattan in Monarchs zone.
9:44 of 2nd period - Slapshot by Slava Voynov.
9:44 of 2nd period - Shot Blocked by Nikita Zadorov.
9:46 of 2nd period - Wrist shot by Andreas Athanasiou.
9:46 of 2nd period - Shot Misses the Net.
9:48 of 2nd period - Slapshot by Slava Voynov.
9:48 of 2nd period - Shot Misses the Net.
9:50 of 2nd period - Slapshot by Andreas Athanasiou.
9:50 of 2nd period - Deflect By Miikka Salomaki.
9:50 of 2nd period - Shot Misses the Net.
9:50 of 2nd period - Puck is out of play.
9:51 of 2nd period - Andreas Athanasiou wins face-off versus Brian McGrattan in Monarchs zone.
10:46 of 2nd period - Snap shot by Slava Voynov.
10:46 of 2nd period - Shot Misses the Net.
10:48 of 2nd period - Snap shot by Andreas Athanasiou.
10:48 of 2nd period - Shot Misses the Net.
10:50 of 2nd period - Slapshot by Adam Pelech.
10:50 of 2nd period - Stopped by Alex Nedeljkovic with a rebound.
10:52 of 2nd period - Slapshot by Adam Pelech.
10:52 of 2nd period - Stopped by Alex Nedeljkovic with a rebound.
11:40 of 2nd period - Penalty to Tom Wilson is over, Tom Wilson is back on ice.
11:48 of 2nd period - Snap shot by Radek Faksa.
11:48 of 2nd period - Shot Misses the Net.
12:10 of 2nd period - Slapshot by Jordan Schmaltz.
12:10 of 2nd period - Shot Misses the Net.
13:14 of 2nd period - Snap shot by Nathan MacKinnon.
13:14 of 2nd period - Deflect By Max Domi.
13:14 of 2nd period - Stopped by Louis Domingue with a rebound.
13:32 of 2nd period - Jacob De La Rose is hit by Daniel Audette and loses puck.
15:09 of 2nd period - Icing by Damon Severson.
15:10 of 2nd period - Austen Brassard wins face-off versus Jacob De La Rose in Monarchs zone.
15:11 of 2nd period - Snap shot by Slava Voynov.
15:11 of 2nd period - Stopped by Alex Nedeljkovic with a rebound.
15:29 of 2nd period - Wrist shot by Victor Olofsson.
15:29 of 2nd period - Shot Misses the Net.
15:31 of 2nd period - Wrist shot by Dalton Prout.
15:31 of 2nd period - Shot Misses the Net.
15:33 of 2nd period - Wrist shot by Damon Severson.
15:33 of 2nd period - Deflect By Elias Lindholm.
15:33 of 2nd period - Shot Blocked by Slava Voynov.
15:33 of 2nd period - Puck is out of play.
15:34 of 2nd period - Brayden Point wins face-off versus Radek Faksa in Punishers zone.
16:25 of 2nd period - Double Minor Penalty to Victor Olofsson for High sticking.
16:26 of 2nd period - Brian McGrattan wins face-off versus Miikka Salomaki in Monarchs zone.
16:59 of 2nd period - Wrist shot by Adam Pelech.
16:59 of 2nd period - Stopped by Alex Nedeljkovic without a rebound.
17:00 of 2nd period - Brandon Saad wins face-off versus Radek Faksa in Monarchs zone.
17:25 of 2nd period - Madison Bowey is hit by Brandon Saad and loses puck.
18:25 of 2nd period - Icing by Madison Bowey.
18:26 of 2nd period - Radek Faksa wins face-off versus Brendan Lemieux in Punishers zone.
19:15 of 2nd period - Icing by Carter Ashton.
19:16 of 2nd period - Andreas Athanasiou wins face-off versus Brian McGrattan in Punishers zone.
19:48 of 2nd period - Icing by Radek Faksa.
19:49 of 2nd period - Brian McGrattan wins face-off versus Andreas Athanasiou in Punishers zone.
Goals for this period are 1 for Punishers vs 0 for Monarchs .
Shots for this period are 12 for Punishers vs 6 for Monarchs .
3rd period
0:01 of 3rd period - Andreas Athanasiou wins face-off versus Brian McGrattan in neutral zone.
0:25 of 3rd period - Penalty to Victor Olofsson is over, Victor Olofsson is back on ice.
1:33 of 3rd period - Slapshot by Max Domi.
1:33 of 3rd period - Shot Misses the Net.
1:35 of 3rd period - Slapshot by Luke Witkowski.
1:35 of 3rd period - Shot Misses the Net.
1:45 of 3rd period - Ben Betker is hit by Nathan MacKinnon and loses puck.
2:10 of 3rd period - Wrist shot by Miikka Salomaki.
2:10 of 3rd period - Shot Misses the Net.
2:12 of 3rd period - Snap shot by Ben Betker.
2:12 of 3rd period - Deflect By Damon Severson.
2:12 of 3rd period - Stopped by Alex Nedeljkovic without a rebound.
2:13 of 3rd period - Brayden Point wins face-off versus Andreas Athanasiou in Monarchs zone.
2:15 of 3rd period - Minor Penalty to Brayden Point for Hooking.
2:16 of 3rd period - Brian McGrattan wins face-off versus Andreas Athanasiou in Monarchs zone.
2:42 of 3rd period - Nikita Zadorov is hit by Adam Pelech and loses puck.
4:15 of 3rd period - Penalty to Brayden Point is over, Brayden Point is back on ice.
4:21 of 3rd period - Snap shot by Brayden Point.
4:21 of 3rd period - Stopped by Louis Domingue without a rebound.
4:22 of 3rd period - Nathan MacKinnon wins face-off versus John Quenneville in Punishers zone.
5:02 of 3rd period - Wrist shot by Miikka Salomaki.
5:02 of 3rd period - Stopped by Alex Nedeljkovic with a rebound.
5:22 of 3rd period - Snap shot by Tyler Bertuzzi.
5:22 of 3rd period - Stopped by Alex Nedeljkovic with a rebound.
5:24 of 3rd period - Wrist shot by Dylan DeMelo.
5:24 of 3rd period - Shot Misses the Net.
5:26 of 3rd period - Snap shot by Radek Faksa.
5:26 of 3rd period - Deflect By Tyler Bertuzzi.
5:26 of 3rd period - Stopped by Alex Nedeljkovic with a rebound.
5:28 of 3rd period - Snap shot by Tyler Bertuzzi.
5:28 of 3rd period - Shot Misses the Net.
5:30 of 3rd period - Snap shot by Tyler Bertuzzi.
5:30 of 3rd period - Shot Misses the Net.
5:32 of 3rd period - Slapshot by Tyler Bertuzzi.
5:32 of 3rd period - Shot Blocked by Nikita Zadorov.
5:44 of 3rd period - Backhand shot by Nikita Gusev.
5:44 of 3rd period - Shot Misses the Net.
5:46 of 3rd period - Wrist shot by Austen Brassard.
5:46 of 3rd period - Shot Misses the Net.
5:48 of 3rd period - Slapshot by Slava Voynov.
5:48 of 3rd period - Shot Blocked by Nikita Zadorov.
5:50 of 3rd period - Slapshot by Nikita Gusev.
5:50 of 3rd period - Stopped by Alex Nedeljkovic with a rebound.
5:52 of 3rd period - Wrist shot by Nikita Gusev.
5:52 of 3rd period - Stopped by Alex Nedeljkovic with a rebound.
6:06 of 3rd period - Slapshot by John Macfarland.
6:06 of 3rd period - Deflect By Daniel Audette.
6:06 of 3rd period - Shot Blocked by Nathan MacKinnon.
6:06 of 3rd period - Puck is out of play.
6:07 of 3rd period - Daniel Audette wins face-off versus Brayden Point in Monarchs zone.
6:16 of 3rd period - Madison Bowey is hit by Max Domi.
6:34 of 3rd period - Miikka Salomaki is hit by Brendan Lemieux and loses puck.
6:55 of 3rd period - Wrist shot by Tyler Bertuzzi.
6:55 of 3rd period - Shot Misses the Net.
7:39 of 3rd period - Snap shot by John Macfarland.
7:39 of 3rd period - Stopped by Alex Nedeljkovic with a rebound.
8:03 of 3rd period - Snap shot by Garret Ross.
8:03 of 3rd period - Deflect By Andreas Athanasiou.
8:03 of 3rd period - Stopped by Alex Nedeljkovic with a rebound.
8:05 of 3rd period - Snap shot by Miikka Salomaki.
8:05 of 3rd period - Goal by Miikka Salomaki - Punishers : 2 - Monarchs : 0.
8:06 of 3rd period - Brayden Point wins face-off versus Andreas Athanasiou in neutral zone.
8:15 of 3rd period - Slapshot by Adam Pelech.
8:15 of 3rd period - Stopped by Alex Nedeljkovic without a rebound.
8:16 of 3rd period - Andreas Athanasiou wins face-off versus Brayden Point in Monarchs zone.
8:24 of 3rd period - Minor Penalty to Brayden Point for Holding.
8:25 of 3rd period - Andreas Athanasiou wins face-off versus Brian McGrattan in Monarchs zone.
8:51 of 3rd period - Slava Voynov is hit by Brandon Montour and loses puck.
8:58 of 3rd period - Slapshot by Carter Ashton.
8:58 of 3rd period - Shot Blocked by Jacob De La Rose.
9:00 of 3rd period - Slapshot by Jordan Schmaltz.
9:00 of 3rd period - Stopped by Alex Nedeljkovic without a rebound.
9:01 of 3rd period - Andreas Athanasiou wins face-off versus Brian McGrattan in Monarchs zone.
9:12 of 3rd period - Snap shot by Garret Ross.
9:12 of 3rd period - Stopped by Alex Nedeljkovic with a rebound.
9:14 of 3rd period - Slapshot by Jordan Schmaltz.
9:14 of 3rd period - Stopped by Alex Nedeljkovic with a rebound.
9:16 of 3rd period - Snap shot by Miikka Salomaki.
9:16 of 3rd period - Shot Blocked by Brian McGrattan.
10:24 of 3rd period - Penalty to Brayden Point is over, Brayden Point is back on ice.
10:57 of 3rd period - Snap shot by Elias Lindholm.
10:57 of 3rd period - Stopped by Louis Domingue with a rebound.
10:59 of 3rd period - Slapshot by Dalton Prout.
10:59 of 3rd period - Shot Misses the Net.
11:01 of 3rd period - Wrist shot by Victor Olofsson.
11:01 of 3rd period - Stopped by Louis Domingue with a rebound.
11:03 of 3rd period - Snap shot by Elias Lindholm.
11:03 of 3rd period - Shot Misses the Net.
11:05 of 3rd period - Snap shot by Elias Lindholm.
11:05 of 3rd period - Shot Misses the Net.
13:38 of 3rd period - Zach Trotman is hit by Andreas Athanasiou.
13:42 of 3rd period - Brandon Montour is hit by Andreas Athanasiou and loses puck.
13:49 of 3rd period - Garret Ross is hit by Jacob De La Rose and loses puck.
13:54 of 3rd period - Snap shot by Kerby Rychel.
13:54 of 3rd period - Goal by Kerby Rychel - Punishers : 2 - Monarchs : 1.
13:55 of 3rd period - Andreas Athanasiou wins face-off versus Nathan MacKinnon in neutral zone.
14:25 of 3rd period - Snap shot by Nathan MacKinnon.
14:25 of 3rd period - Stopped by Louis Domingue with a rebound.
14:50 of 3rd period - Slapshot by Zach Trotman.
14:50 of 3rd period - Deflect By Max Domi.
14:50 of 3rd period - Shot Misses the Net.
14:50 of 3rd period - Puck is out of play.
14:51 of 3rd period - Brayden Point wins face-off versus Andreas Athanasiou in Punishers zone.
14:52 of 3rd period - Backhand shot by Luke Witkowski.
14:52 of 3rd period - Shot Misses the Net.
15:06 of 3rd period - Wrist shot by Miikka Salomaki.
15:06 of 3rd period - Stopped by Alex Nedeljkovic with a rebound.
15:28 of 3rd period - Snap shot by Brendan Lemieux.
15:28 of 3rd period - Deflect By Victor Olofsson.
15:28 of 3rd period - Shot Blocked by Madison Bowey.
15:28 of 3rd period - Puck is out of play.
15:29 of 3rd period - Brayden Point wins face-off versus Andreas Athanasiou in Punishers zone.
15:54 of 3rd period - John Quenneville is hit by Victor Olofsson and loses puck.
16:18 of 3rd period - Wrist shot by Nathan MacKinnon.
16:18 of 3rd period - Shot Blocked by Ben Betker.
17:38 of 3rd period - Snap shot by Carter Ashton.
17:38 of 3rd period - Shot Blocked by Brandon Saad.
17:40 of 3rd period - Snap shot by Tyler Bertuzzi.
17:40 of 3rd period - Stopped by Alex Nedeljkovic with a rebound.
17:42 of 3rd period - Wrist shot by Tyler Bertuzzi.
17:42 of 3rd period - Shot Misses the Net.
17:44 of 3rd period - Snap shot by Slava Voynov.
17:44 of 3rd period - Stopped by Alex Nedeljkovic with a rebound.
17:46 of 3rd period - Slapshot by Slava Voynov.
17:46 of 3rd period - Deflect By Zach Trotman.
17:46 of 3rd period - Stopped by Alex Nedeljkovic without a rebound.
17:47 of 3rd period - Andreas Athanasiou wins face-off versus Elias Lindholm in Monarchs zone.
18:02 of 3rd period - Wrist shot by Garret Ross.
18:02 of 3rd period - Stopped by Alex Nedeljkovic with a rebound.
18:12 of 3rd period - Adam Pelech is hit by Tom Wilson and loses puck.
18:19 of 3rd period - Snap shot by Tom Wilson.
18:19 of 3rd period - Shot Misses the Net.
18:31 of 3rd period - Snap shot by Radek Faksa.
18:31 of 3rd period - Shot Misses the Net.
18:57 of 3rd period - Monarchs , Alex Nedeljkovic is pulled from the net.
19:17 of 3rd period - Ben Betker is hit by Brayden Point and loses puck.
19:30 of 3rd period - Snap shot by Miikka Salomaki.
19:30 of 3rd period - Goal by Miikka Salomaki - Punishers : 3 - Monarchs : 1.
19:30 of 3rd period - Alex Nedeljkovic from Monarchs was sent back in the game.
19:31 of 3rd period - John Quenneville wins face-off versus Elias Lindholm in neutral zone.
19:42 of 3rd period - Wrist shot by Dalton Prout.
19:42 of 3rd period - Shot Blocked by Slava Voynov.
19:44 of 3rd period - Snap shot by Victor Olofsson.
19:44 of 3rd period - Shot Blocked by Austen Brassard.
19:46 of 3rd period - Snap shot by Elias Lindholm.
19:46 of 3rd period - Stopped by Louis Domingue with a rebound.
Goals for this period are 2 for Punishers vs 1 for Monarchs .
Shots for this period are 19 for Punishers vs 6 for Monarchs .
Back to the Top